 Dungeon Crawl Stone Soup version 0.21.1-1-g345015f (webtiles) character file.

95955 infcreate the Severer (level 15, -16/141 HPs)
             Began as a Minotaur Fighter on May 12, 2018.
             Was the Champion of Trog.
             Blown up by an orb spider (50 damage)
             ... with an orb of destruction
             ... on level 4 of the Spider Nest.
             The game lasted 01:50:01 (17241 turns).

infcreate the Severer (Minotaur Fighter)           Turns: 17241, Time: 01:50:01

Health: -16/141    AC: 28    Str: 28    XL:     15   Next: 67%
Magic:  14/14      EV:  8    Int:  5    God:    Trog [******]
Gold:   1775       SH: 17    Dex: 11    Spells: 14/14 levels left

rFire    . . .     SeeInvis .   N - +6 broad axe (elec)
rCold    . . .     Gourm    .   M - +2 shield of the Wild Haggis {*Corrode rElec Regen+ Slay+5}
rNeg     . . .     Faith    +   G - +4 plate armour
rPois    +         Spirit   .   a - +0 hat {MR+}
rElec    +         Reflect  .   B - +2 cloak {rPois}
rCorr    .         Harm     .   v - +0 pair of gloves
MR       ++...                  L - +0 pair of boots
Stlth    ..........             y - amulet of faith
HPRegen  0.73/turn              s - +2 ring of strength
MPRegen  0.14/turn              A - +1 ring of protection

@: lethally poisoned (-16 -> -20), berserk cooldown
A: retaliatory headbutt, horns 2
a: Berserk, Trog's Hand, Brothers in Arms, Burn Spellbooks, Renounce Religion


You were on level 4 of the Spider Nest.
You worshipped Trog.
Trog was exalted by your worship.
You were very hungry.

You visited 4 branches of the dungeon, and saw 22 of its levels.

You collected 1775 gold pieces.

Inventory:

Hand Weapons
 N - a +6 broad axe of electrocution (weapon)
Armour
 a - a +0 hat of magic resistance (worn)
 v - a +0 pair of gloves (worn)
 B - a +2 cloak of poison resistance (worn)
 G - a +4 plate armour (worn)
 L - a +0 pair of boots (worn)
 M - the +2 shield of the Wild Haggis (worn) {*Corrode rElec Regen+ Slay+5}
   (You acquired it on level 4 of the Lair of Beasts)

   It affects your accuracy and damage with ranged weapons and melee attacks
   (+5).
   It insulates you from electricity.
   It increases your rate of regeneration.
   It may corrode you when you take damage.
Jewellery
 c - the ring of the Elephant {rPois rC+}
   (You acquired it on level 4 of the Lair of Beasts)

   [ring of protection from cold]

   It protects you from cold.
   It protects you from poison.
 g - an uncursed ring of protection from fire
 s - a +2 ring of strength (left hand)
 y - an amulet of faith (around neck)
 A - a +1 ring of protection (right hand)
 P - a +6 ring of protection
Wands
 t - a wand of digging (15)
 Q - a wand of paralysis (14)
Scrolls
 i - 7 scrolls of remove curse
 j - 4 scrolls of immolation {unknown}
 l - 4 scrolls of fog
 m - a scroll of enchant weapon
 o - 9 scrolls of identify
 p - 8 scrolls of amnesia
 q - 6 scrolls of enchant armour
 r - 3 scrolls of blinking {unknown}
 u - 9 scrolls of teleportation
 C - 6 scrolls of magic mapping
 D - 5 scrolls of noise
 H - 3 scrolls of random uselessness
 J - a scroll of acquirement
 O - a scroll of silence {unknown}
 R - a scroll of vulnerability {unknown}
Potions
 b - 4 potions of flight
 d - 3 potions of might
 e - 4 potions of brilliance
 h - 8 potions of curing
 k - 3 potions of ambrosia {unknown}
 n - a potion of heal wounds
 w - 3 potions of agility
 x - 3 potions of haste {unknown}
 z - 2 potions of resistance
 E - 2 potions of degeneration
 F - a potion of mutation
 I - 4 potions of lignification
 K - 3 potions of magic
Comestibles
 f - 28 rations


   Skills:
 + Level 15.1 Fighting
 + Level 19.4 Axes
 + Level 14.4 Armour
 + Level 16.4 Shields


You had 14 spell levels left.
You didn't know any spells.

Dungeon Overview and Level Annotations

Branches:
Dungeon (11/15)            Temple (1/1) D:6            Lair (6/6) D:11
 Shoals (0/4) Lair:3       Spider (4/4) Lair:2        Slime (0/5) Lair:6
    Orc: D:9-12

Altars:
Ashenzari
Cheibriados
Dithmenos
Elyvilon
Hepliaklqana
Kikubaaqudgha
Nemelex Xobeh
Okawaru
Ru
Sif Muna
Trog
Uskayaw
Vehumet
Wu Jian
Xom
Yredelemnul
Zin
The Shining One
Jiyva

Shops:
D:4 (   D:6 %   D:9 [*:   D:11 (

Annotations:
Lair:5 exclusion: 3 oklob plants


Innate Abilities, Weirdness & Mutations

You reflexively headbutt those who attack you in melee.
You have a pair of horns on your head.


Message History

The redback bites you but does no damage.
The orb spider weaves a glowing orb of energy.
The jumping spider leaps!
The redback bites you!
* * * LOW HITPOINT WARNING * * *
You block the redback's attack.
An orb of destruction comes into view.
You feel yourself speed up.
You are no longer corroded.
You feel sick. You block the redback's attack.
The orb spider weaves a glowing orb of energy.
The jumping spider leaps!
The redback bites you but does no damage.
The orb of destruction hits the redback.
The redback is blown up!
The redback bites you.
* * * LOW HITPOINT WARNING * * *
The orb spider pulsates with a strange energy.
An orb of destruction comes into view.
You feel sick. You block the redback's attack.
You feel sick. The orb of destruction hits you!
You die...

#≈≈≈....^#..................#
≈≈≈≈.^.≈.........†........###
≈≈≈≈^.#^^#......^....##..##
≈≈≈≈..^^[#.......§.s......#
≈≈..[..# ##.....s.........#
≈≈.....####.#..#..s.......#
........^####.).s§§s.....##
..#(...#††#.^...§.##......#
.#..#†.†^.^.^#..@.#..##..##
....†††.^#..##....#..##^##
....†...≈#.##.....#######
.....^..#####.^.....#
#..#^≈### #.......# ##^.^##
#..##...# ##### #####..##
####


You could see 3 orb spiders, a jumping spider and a redback.

Vanquished Creatures
  Jorgrun (Spider:2)
  The ghost of Zebulonius the Executioner, an adept MiBe of Trog (Spider:3)
  5 ghost moths
  2 emperor scorpions
  The ghost of vatarom the Martial Artist, a journeyman DsCK of Xom (Lair:6)
  4 entropy weavers
  2 dire elephants (Lair:5)
  3 spark wasps
  6 hydras
  Erica (D:10)
  A two-headed ogre (D:11)
  12 orb spiders
  17 wolf spiders
  2 cyclopes (D:11)
  An oklob plant (Lair:5)
  13 elephants (Lair:5)
  A moth of wrath (Spider:2)
  11 spiny frogs
  A torpor snail (Lair:3)
  6 black mambas
  6 komodo dragons
  10 demonic crawlers
  A troll (D:9)
  20 jumping spiders
  A polar bear (Lair:6)
  12 hornets
  Prince Ribbit (D:7)
  A dream sheep (Lair:6)
  4 blink frogs
  13 hippogriffs
  14 spriggans
  Sigmund (D:4)
  68 redbacks
  15 tarantellas
  3 basilisks
  36 yaks
  A hungry ghost (D:9)
  A steam dragon (Lair:2)
  Edmund (D:4)
  5 porcupines
  29 water moccasins
  The ghost of joejoepie the Sneak, an amateur VSAs (D:3)
  An eye of draining (D:11)
  2 orc warriors
  4 ice beasts
  A phantom (D:7)
  A necrophage (D:10)
  5 sky beasts
  5 black bears
  An ogre (D:6)
  16 wolves (Lair:6)
  3 boggarts (Lair:6)
  11 crocodiles
  3 big kobolds
  10 bullfrogs
  A gnoll sergeant (D:10)
  A scorpion (D:5)
  10 wights
  2 howler monkeys
  3 electric eels
  3 crimson imps
  4 hounds
  3 jellies
  2 bullfrog skeletons
  3 orc priests
  A centaur skeleton (D:10)
  6 orc wizards
  3 iguanas
  Ijyb (D:3)
  2 worker ants
  A killer bee zombie (D:6)
  Robin (D:2)
  16 gnolls
  19 adders
  2 shadow imps
  3 oozes
  A dart slug (D:2)
  5 leopard geckos
  30 orcs
  2 ball pythons (D:1)
  7 bats
  21 goblins
  12 hobgoblins
  11 jackals
  25 kobolds
  A quokka (D:3)
  5 frilled lizards
  3 quokka skeletons
  2 quokka zombies (D:6)
  8 rats
  A butterfly (Lair:5)
  4 fungi
  5 plants
628 creatures vanquished.

Vanquished Creatures (others)
  A wolf spider (Spider:4)
  A jumping spider (Spider:4)
  A tarantella (Spider:4)
  A redback (Spider:4)
  An orc wizard (D:11)
  A bat (D:2)
  A fungus (Lair:5)
  2 plants (Lair:5)
9 creatures vanquished.

Grand Total: 637 creatures vanquished

Notes
Turn   | Place    | Note
-------+----------+-------------------------------------------
     0 | D:1      | infcreate the Minotaur Fighter began the quest for the Orb.
     0 | D:1      | Reached XP level 1. HP: 19/19 MP: 0/0
   245 | D:1      | Reached XP level 2. HP: 25/27 MP: 1/1
   834 | D:1      | Reached XP level 3. HP: 33/33 MP: 2/2
   911 | D:2      | Noticed Robin
   921 | D:2      | Reached skill level 3 in Axes
   941 | D:2      | Killed Robin
  1317 | D:2      | Reached XP level 4. HP: 40/40 MP: 3/3
  1326 | D:2      | Found a white marble altar of Elyvilon.
  1715 | D:3      | Reached skill level 4 in Axes
  2014 | D:3      | Found a sacrificial altar of Ru.
  2015 | D:3      | Noticed joejoepie's ghost (amateur VSAs)
  2027 | D:3      | Killed joejoepie's ghost
  2027 | D:3      | Reached XP level 5. HP: 42/47 MP: 4/4
  2062 | D:3      | Found a faded altar of an unknown god.
  2078 | D:3      | Reached skill level 5 in Armour
  2197 | D:3      | Noticed Ijyb
  2203 | D:3      | Killed Ijyb
  2203 | D:3      | Reached skill level 5 in Axes
  2203 | D:3      | Reached skill level 5 in Shields
  2409 | D:3      | Reached XP level 6. HP: 53/53 MP: 5/5
  2662 | D:4      | Found a shattered altar of Ashenzari.
  2718 | D:4      | Noticed Sigmund
  2745 | D:4      | Killed Sigmund
  2984 | D:4      | Found Kokee's Antique Weapon Shop.
  2988 | D:4      | Noticed Edmund
  3001 | D:4      | Killed Edmund
  3001 | D:4      | Reached skill level 6 in Axes
  3001 | D:4      | Reached XP level 7. HP: 26/60 MP: 6/6
  3706 | D:5      | Entered Level 5 of the Dungeon
  3718 | D:5      | Reached skill level 5 in Fighting
  4044 | D:5      | Found a shadowy altar of Dithmenos.
  4146 | D:5      | Reached skill level 7 in Axes
  4208 | D:5      | Found a deep blue altar of Sif Muna.
  4559 | D:6      | Found a shadowy altar of Dithmenos.
  4625 | D:6      | Reached XP level 8. HP: 62/68 MP: 7/7
  4650 | D:6      | Found a staircase to the Ecumenical Temple.
  4698 | Temple   | Entered the Ecumenical Temple
  4765 | Temple   | Became a worshipper of Trog the Wrathful
  4853 | D:6      | Found Mupep's Food Shop.
  4872 | D:6      | Got a crude cloak
  4878 | D:6      | Identified the +2 cloak "Jiradaes" {Dex+3} (You found it on level 6 of the Dungeon)
  4898 | D:6      | Reached skill level 8 in Axes
  5225 | D:7      | Noticed Prince Ribbit
  5303 | D:7      | Killed Prince Ribbit
  5452 | D:7      | Reached skill level 9 in Axes
  5456 | D:7      | Reached * piety under Trog
  5784 | D:7      | Reached XP level 9. HP: 75/75 MP: 8/8
  6252 | D:8      | Reached skill level 10 in Axes
  6341 | D:8      | Got a wavering iron ring
  6345 | D:8      | Identified the ring of Xom's Whimsicality {rPois Int+2 Slay+3} (You found it on level 8 of the Dungeon)
  6661 | D:8      | Reached ** piety under Trog
  6682 | D:8      | Found a glowing golden altar of the Shining One.
  6868 | D:9      | Found Bomn's Assorted Antiques.
  7124 | D:9      | Found Qeobri Qocoa's Book Shoppe.
  7267 | D:9      | Noticed a troll
  7275 | D:9      | Killed a troll
  7275 | D:9      | Reached skill level 11 in Axes
  7366 | D:9      | Found Noav's Antique Armour Emporium.
  7518 | D:10     | Entered Level 10 of the Dungeon
  7538 | D:10     | Found a sacrificial altar of Ru.
  7638 | D:10     | Reached XP level 10. HP: 86/86 MP: 9/9
  7725 | D:10     | Reached *** piety under Trog
  7755 | D:10     | Noticed Erica
  7765 | D:10     | Killed Erica
  7794 | D:10     | Reached skill level 12 in Axes
  7946 | D:10     | Found a sparkling altar of Nemelex Xobeh.
  8043 | D:11     | Found a staircase to the Lair.
  8090 | D:11     | Noticed a two-headed ogre
  8098 | D:11     | Killed a two-headed ogre
  8098 | D:11     | Reached skill level 10 in Shields
  8389 | D:11     | Reached **** piety under Trog
  8402 | D:11     | Noticed a cyclops
  8412 | D:11     | Noticed a cyclops
  8413 | D:11     | Killed a cyclops
  8413 | D:11     | Reached skill level 13 in Axes
  8425 | D:11     | Killed a cyclops
  8563 | D:11     | Reached XP level 11. HP: 78/95 MP: 3/10
  8618 | D:11     | Found Oddyatiz's Weapon Shop.
  8650 | D:11     | Identified 3 scrolls of acquirement
  8993 | Lair:1   | Entered Level 1 of the Lair of Beasts
  9042 | Lair:1   | Noticed a four-headed hydra
  9053 | Lair:1   | Killed an eight-headed hydra
  9062 | Lair:1   | Reached skill level 10 in Armour
  9113 | Lair:1   | Noticed a six-headed hydra
  9125 | Lair:1   | Killed a nine-headed hydra
  9466 | Lair:1   | Reached skill level 14 in Axes
  9540 | Lair:1   | Noticed a four-headed hydra
  9556 | Lair:1   | Killed a 15-headed hydra
  9863 | Lair:1   | Reached ***** piety under Trog
 10424 | Lair:2   | Found a hole to the Spider Nest.
 10479 | Lair:2   | Reached skill level 10 in Fighting
 10652 | Lair:2   | Noticed a four-headed hydra
 10659 | Lair:2   | Killed an eight-headed hydra
 10659 | Lair:2   | Reached XP level 12. HP: 106/106 MP: 11/11
 10822 | Lair:2   | Reached skill level 15 in Axes
 11245 | Lair:3   | Found a staircase to the Shoals.
 11473 | Lair:3   | Noticed an eight-headed hydra
 11482 | Lair:3   | Killed a 12-headed hydra
 11967 | Lair:4   | Got a slimy chain mail
 11978 | Lair:4   | Identified the cursed +0 chain mail of the Duchess {+Fly rPois Slay+5} (You found it on level 4 of the Lair of Beasts)
 12095 | Lair:4   | Received a gift from Trog
 12102 | Lair:4   | Got a smoking hand axe {god gift}
 12103 | Lair:4   | Identified the +2 hand axe "Iguisor" {elec, +Blink rElec} (Trog gifted it to you on level 4 of the Lair of Beasts)
 12260 | Lair:4   | Got a dazzling shield
 12271 | Lair:4   | Identified the +2 shield of the Wild Haggis {*Corrode rElec Regen+ Slay+5} (You acquired it on level 4 of the Lair of Beasts)
 12295 | Lair:4   | Got a flickering bone ring
 12301 | Lair:4   | Identified the ring of the Elephant {rPois rC+} (You acquired it on level 4 of the Lair of Beasts)
 12595 | Lair:5   | Reached skill level 16 in Axes
 12724 | Lair:5   | Got a faintly glowing granite ring
 12726 | Lair:5   | Identified the ring "Aronuher" {Fire Stlth+} (You found it on level 5 of the Lair of Beasts)
 12796 | Lair:5   | Noticed a dire elephant
 12814 | Lair:5   | Reached XP level 13. HP: 116/116 MP: 12/12
 12825 | Lair:5   | Killed a dire elephant
 12991 | Lair:5   | Noticed a dire elephant
 12998 | Lair:5   | Killed a dire elephant
 13019 | Lair:5   | Reached skill level 17 in Axes
 13050 | Lair:5   | Reached ****** piety under Trog
 13154 | Lair:5   | Got a coiled tin ring
 13274 | Lair:5   | Identified the ring "Yxzis" {Fire rElec Int+4 Dex-3 Slay+2} (You found it on level 5 of the Lair of Beasts)
 13386 | Lair:6   | Entered Level 6 of the Lair of Beasts
 13386 | Lair:6   | Noticed vatarom's ghost (journeyman DsCK)
 13485 | Lair:6   | Killed vatarom's ghost
 13506 | Lair:6   | Received a gift from Trog
 14008 | Lair:6   | Found a runed door.
 14009 | Lair:6   | Found a viscous altar of Jiyva.
 14013 | Lair:6   | Found a staircase to the Slime Pits.
 14054 | Lair:6   | Got a shimmering battleaxe {god gift}
 14055 | Lair:6   | Identified the +1 battleaxe "Seigocsui" {chop, rN+++ Dex-2} (Trog gifted it to you on level 6 of the Lair of Beasts)
 14524 | Spider:1 | Entered Level 1 of the Spider Nest
 14532 | Spider:1 | Reached XP level 14. HP: 119/127 MP: 13/13
 14534 | Spider:1 | Reached skill level 18 in Axes
 14536 | Spider:1 | Received a gift from Trog
 14905 | Spider:1 | Killed a ghost moth
 15066 | Spider:1 | Noticed an entropy weaver
 15079 | Spider:1 | Killed an entropy weaver
 15279 | Spider:2 | Noticed Jorgrun
 15282 | Spider:2 | Noticed an entropy weaver
 15301 | Spider:2 | Killed Jorgrun
 15307 | Spider:2 | Killed an entropy weaver
 15358 | Spider:2 | Reached skill level 15 in Shields
 15418 | Spider:2 | Received a gift from Trog
 15430 | Spider:2 | Noticed an emperor scorpion
 15444 | Spider:2 | Killed an emperor scorpion
 15502 | Spider:2 | Killed a ghost moth
 15513 | Spider:2 | Noticed an entropy weaver
 15693 | Spider:2 | Killed an entropy weaver
 15826 | Spider:2 | Reached XP level 15. HP: 108/138 MP: 14/14
 16096 | Spider:3 | Noticed Zebulonius's ghost (adept MiBe)
 16115 | Spider:3 | Received a gift from Trog
 16126 | Spider:3 | Killed Zebulonius's ghost
 16243 | Spider:3 | Reached skill level 19 in Axes
 16718 | Spider:4 | Entered Level 4 of the Spider Nest
 16995 | Spider:4 | Killed a ghost moth
 16996 | Spider:4 | Killed a ghost moth
 17005 | Spider:4 | Killed a ghost moth
 17005 | Spider:4 | Reached skill level 15 in Fighting
 17160 | Spider:4 | Received a gift from Trog
 17241 | Spider:4 | Blown up by an orb spider

Skill      XL: |  1  2  3  4  5  6  7  8  9 10 11 12 13 14 15 |
---------------+----------------------------------------------+-----
Armour         | 4 5 6 7 8 9 10 12 13 14 | 14.4
Fighting       | 4 5 6 7 8 10 11 12 14 15 | 15.1
Shields        | 4 5 6 7 9 10 11 13 14 15 16 | 16.4
Axes           | 3 4 5 6 7 9 11 13 14 16 17 18 19 | 19.4

Action                   |  1- 3 |  4- 6 |  7- 9 | 10-12 | 13-15 || total
-------------------------+-------+-------+-------+-------+-------++-------
Melee: War axe           |    74 |   145 |   324 |   160 |       ||   703
       Headbutt          |     7 |    20 |    58 |    98 |   140 ||   323
       Broad axe         |       |       |       |   296 |   654 ||   950
Invok: Burn Spellbooks   |       |       |     5 |     5 |     3 ||    13
       Berserk           |       |       |       |     5 |     4 ||     9
  Use: Scroll            |       |       |    12 |    10 |     5 ||    27
       Potion            |       |       |       |     1 |     7 ||     8
  Eat: Chunk             |     1 |     4 |     6 |     6 |     3 ||    20
       Ration            |       |     1 |     3 |     5 |     4 ||    13
Armor: Scale mail        |    20 |       |       |       |       ||    20
       Chain mail        |    29 |    63 |   101 |       |       ||   193
       Plate armour      |       |       |    34 |   247 |   437 ||   718
Dodge: Dodged            |    15 |    28 |    59 |    85 |   132 ||   319
Block: Shield            |    52 |    85 |   177 |   303 |   525 ||  1142
